 Dungeon Crawl Stone Soup version 0.31-a0-1-g4198be8af4 (webtiles) character file.

Game seed: 1256026840437112242

4988 bmack86 the Cleaver (level 10, -6/88 HPs)
             Began as a Minotaur Fighter on May 2, 2023.
             Was an Elder of Okawaru.
             Mangled by a vampire (9 damage)
             ... on level 10 of the Dungeon.
             The game lasted 00:16:51 (7962 turns).

bmack86 the Cleaver (Minotaur Fighter)              Turns: 7962, Time: 00:16:52

Health: -6/88      AC: 18    Str: 26    XL:     10   Next: 29%
Magic:  12/12      EV:  7    Int:  5    God:    Okawaru [****..]
Gold:   351        SH:  5    Dex:  9    Spells: 9/9 levels left

rFire   . . .        a - +0 war axe
rCold   . . .        c - +0 buckler
rNeg    . . .        v - +0 plate armour
rPois   .            (helmet restricted)
rElec   .            (no cloak)
rCorr   .            w - +0 pair of gloves
SInv    .            x - +2 pair of boots
Will    .....        (no amulet) Stlth
                     (no ring)
HPRegen 0.34/turn    (no ring)
MPRegen 0.13/turn

%: no passive effects
@: no status effects
A: horns 2, retaliatory headbutt
a: Renounce Religion, Heroism, Finesse


You were on level 10 of the Dungeon.
You worshipped Okawaru.
Okawaru was greatly pleased with you.
You visited 2 branches of the dungeon, and saw 11 of its levels.

You collected 375 gold pieces.
You spent 24 gold pieces at shops.

Inventory:

Hand Weapons
 a - a +0 war axe (weapon)
Missiles
 b - 11 boomerangs (quivered)
 h - 41 poisoned darts
 o - 2 throwing nets
 p - 4 datura-tipped darts
 r - 5 curare-tipped darts
Armour
 c - a +0 buckler (worn)
 g - a +1 pair of boots
 v - a +0 plate armour (worn)
 w - a +0 pair of gloves (worn)
 x - a +2 pair of boots (worn)
Jewellery
 l - a ring of poison resistance
 m - a ring of wizardry
 q - a ring of magical power
Wands
 n - a wand of iceblast (16)
 u - a wand of acid (24)
Scrolls
 e - 3 scrolls of teleportation
 f - a scroll of fog
 t - 2 scrolls of immolation
Potions
 d - 4 potions of might
 i - a potion of attraction
 j - 2 potions of heal wounds
 k - 4 potions of brilliance
 s - 3 potions of cancellation
 z - a potion of ambrosia
 A - a potion of haste {unknown}


   Skills:
 + Level 8.0 Fighting
 * Level 10.4 Axes
 + Level 5.3 Throwing
 + Level 8.0 Armour
 + Level 8.0 Shields
 + Level 4.8 Invocations


You had 9 spell levels left.
You didn't know any spells.
Your spell library contained the following spells:

 Spells                   Type           Power      Damage    Failure   Level
 Sandblast                Erth           0%         2d4       100%        1
 Blink                    Tloc           0%         N/A       100%        2
 Passwall                 Tmut/Erth      0%         N/A       100%        2
 Stone Arrow              Conj/Erth      0%         3d7       100%        3
 Manifold Assault         Tloc           0%         N/A       100%        4
 Storm Form               Tmut/Air       0%         N/A       100%        7
 Summon Small Mammal      Summ           Unusable   N/A       N/A         1
 Call Canine Familiar     Summ           Unusable   N/A       N/A         3
 Summon Guardian Golem    Hex/Summ       Unusable   N/A       N/A         3

Dungeon Overview and Level Annotations

Branches:
Dungeon (10/15)            Temple (1/1) D:5             Orc (0/2) D:9
   Lair: D:8-11

Altars:
Ashenzari
Dithmenos
Hepliaklqana
Nemelex Xobeh
Okawaru
Qazlal
Vehumet
Xom
Yredelemnul

Shops:
D:1 [   D:5 =*   D:9 *


Innate Abilities, Weirdness & Mutations

You have a pair of horns on your head.
You reflexively headbutt those who attack you in melee.


Message History

You closely miss something. Your headbutt misses something.
Something hits you but does no damage. Something bites you but does no damage.
You barely miss something. Your headbutt misses something.
Something draws life force from you.
You barely miss something. Something hits you but does no damage.
You block something's attack.
You closely miss something. You headbutt something. You miss something.
Your headbutt misses something. Something hits you but does no damage.
Something bites you but does no damage.
You closely miss something. Something hits you. Something bites you.
Something draws strength from your injuries!
You miss something. You headbutt something.
Something hits you but does no damage. Something bites you but does no damage.
Something hits you but does no damage. Something bites you but does no damage.
You hit something. Something hits you but does no damage. Something bites you.
Something draws strength from your injuries!
You hit something but do no damage. You headbutt something!
You hear some strange, mumbled words.
You are confused.
A yak comes into view.
The yak bellows!
Something hits you but does no damage. Something bites you but does no damage.
You're too confused to move!
Something hits you but does no damage. Something bites you but does no damage.
A yak comes into view.
You hear some strange, mumbled words.
Something tries to affect you, but you resist.
You're too confused to move!
Something draws life force from you!!
* * * LOW HITPOINT WARNING * * *
A yak comes into view.
You closely miss something.
The yak bellows!
You are too confused!
You're too confused to move!
You feel less confused. Something hits you!
* * * LOW HITPOINT WARNING * * *
Something bites you but does no damage. Something hits you!
You die...
PP.

... ... ... ### #
#.# #.# . #..###.#
.. #...#.## ..
#@...############.
#.{...............
#...###########...
#.Y.# .......#..
#...## ##.###.#..
#Y..# ###.< #.Y.##
#... #...# #.#.
...# #..#.


You could see 3 yaks.

Vanquished Creatures
  An unseen horror (D:10)
  5 yaks (D:9)
  A steam dragon (D:6)
  An ice beast (D:5)
  2 sky beasts
  6 orc warriors
  5 black bears
  An ogre (D:5)
  2 centaurs (D:6)
  2 phantoms
  3 kobold brigands
  A scorpion (D:6)
  4 bullfrogs
  9 wights
  5 killer bees (D:9)
  4 howler monkeys
  2 jellies
  3 hounds
  4 orc priests
  A gnoll bouda (D:5)
  A sleepcap (D:6)
  Terence (D:2)
  2 iguanas (D:5)
  3 orc wizards
  Natasha (thrice) (D:4)
  5 gnolls (D:5)
  5 adders
  4 ufetubi
  2 worms (D:3)
  2 dart slugs
  36 orcs
  11 ball pythons
  5 endoplasms
  6 giant cockroaches
  5 goblins
  5 hobgoblins (D:1)
  3 jackals (D:3)
  5 quokkas
  5 bats
  A frilled lizard (D:3)
  23 kobolds
  8 rats
203 creatures vanquished.

Notes
Turn   | Place    | Note
-------+----------+-------------------------------------------
     0 | D:1      | bmack86 the Minotaur Fighter began the quest for the Orb.
     0 | D:1      | Reached XP level 1. HP: 19/19 MP: 0/0
   255 | D:1      | Reached XP level 2. HP: 26/27 MP: 1/1
   323 | D:1      | Reached skill level 3 in Axes
   524 | D:1      | Found Huegh's Antique Armour Shoppe.
   700 | D:2      | Noticed Terence
   710 | D:2      | Killed Terence
   711 | D:2      | Reached XP level 3. HP: 5/33 MP: 2/2
  1033 | D:2      | Found a shimmering altar of Xom.
  1265 | D:2      | Reached XP level 4. HP: 34/40 MP: 3/3
  1402 | D:3      | Reached skill level 4 in Axes
  1447 | D:3      | Found a faded altar of an unknown god.
  1933 | D:4      | Reached XP level 5. HP: 34/47 MP: 4/4
  2195 | D:4      | Noticed Natasha
  2205 | D:4      | Killed Natasha
  2206 | D:4      | Reached skill level 1 in Throwing
  2358 | D:4      | Noticed Natasha
  2364 | D:4      | Killed Natasha
  2365 | D:4      | Reached skill level 5 in Axes
  2568 | D:4      | Noticed Natasha
  2572 | D:4      | Killed Natasha
  2573 | D:4      | Reached XP level 6. HP: 53/53 MP: 5/5
  2578 | D:5      | Entered Level 5 of the Dungeon
  2707 | D:5      | Found Wewkueb's Jewellery Boutique.
  2756 | D:5      | Reached skill level 5 in Armour
  2756 | D:5      | Reached skill level 5 in Shields
  2934 | D:5      | Found Lizeumanol's Neck Hole.
  2968 | D:5      | Reached skill level 5 in Fighting
  3002 | D:5      | Reached XP level 7. HP: 53/61 MP: 6/6
  3016 | D:5      | Found a staircase to the Ecumenical Temple.
  3025 | Temple   | Entered the Ecumenical Temple
  3046 | Temple   | Became a worshipper of Warmaster Okawaru
  3169 | D:5      | Reached skill level 6 in Axes
  3462 | D:5      | Reached skill level 1 in Invocations
  3843 | D:5      | Reached * piety under Okawaru
  4082 | D:6      | Reached XP level 8. HP: 70/70 MP: 8/8
  4088 | D:6      | Reached skill level 7 in Axes
  4136 | D:6      | Reached ** piety under Okawaru
  4404 | D:6      | Reached skill level 8 in Axes
  4961 | D:6      | Found a shadowy altar of Dithmenos.
  4961 | D:6      | Found a broken altar of Ashenzari.
  5094 | D:7      | Reached XP level 9. HP: 72/78 MP: 10/10
  5248 | D:7      | Reached *** piety under Okawaru
  5375 | D:7      | Found a sparkling altar of Nemelex Xobeh.
  5689 | D:8      | Reached skill level 9 in Axes
  6658 | D:9      | Found a stormy altar of Qazlal.
  6739 | D:9      | Noticed a troll
  6748 | D:9      | HP: 3/79 [yak (2)]
  6971 | D:9      | Reached **** piety under Okawaru
  6972 | D:9      | Reached skill level 5 in Throwing
  7012 | D:9      | Reached XP level 10. HP: 78/86 MP: 12/12
  7017 | D:9      | Reached skill level 10 in Axes
  7462 | D:9      | Found a staircase to the Orcish Mines.
  7607 | D:9      | Found Kilurr's Assorted Antiques.
  7616 | D:9      | Bought a glowing blue potion for 24 gold pieces
  7675 | D:9      | Found a basalt altar of Yredelemnul.
  7882 | D:10     | Entered Level 10 of the Dungeon
  7961 | D:10     | HP: 2/88 [something (11)]
  7962 | D:10     | Mangled by a vampire

Illustrated notes

Levels and vault maps discovered:
D:1:      kennysheep_arrival_forest, layout_basic, serial_shops,
          nicolae_shop_real_fake_doors
D:2:      layout_basic, basic_altar, kennysheep_pointless_box,
          minmay_tiny_reverse_x, uniq_terence
D:3:      layout_rooms, basic_ecumenical_altar, minmay_misc_feat_five
D:4:      layout_basic, nicolae_elevator_lobby_plus, uniq_natasha
D:5:      layout_basic, minmay_temple_entry_drinking_statues, serial_shops,
          shop, nicolae_shop_sticking_my_neck_out
D:6:      layout_basic, gammafunk_temple_overflow_pools
D:7:      layout_rooms, mainiacjoe_overflow_catwalk
D:8:      layout_loops_cross, minmay_misc_feat_pillars, kennysheep_nondescript,
          nicolae_concentric_dashed_squares_mild
D:9:      layout_small_grid, nicolae_qazlal_scattered_showers,
          yredelemnul_altar_generic, david_orc_5, serial_shops,
          nicolae_stop_n_shop_1
D:10:     minmay_the_grid_triangle_9x9_rhombus_thin_mashed
          [minmay_the_grid_triangle_9x9_skeleton,
          minmay_the_grid_triangle_9x9_prize_schism,
          minmay_the_grid_triangle_9x9_dagger,
          minmay_the_grid_triangle_9x9_tough_junction], layout_basic,
          david_lair_generic, enter_bailey_3, uniq_erolcha
Temple:   minmay_crystal_spiral_temple

Skill      XL: |  1  2  3  4  5  6  7  8  9 10 |
---------------+-------------------------------+-----
Axes           | 3 4 5 6 8 9 10 | 10.4
Fighting       | 4 5 6 7 8 |  8.0
Armour         | 4 5 6 7 8 |  8.0
Shields        | 4 5 6 7 8 |  8.0
Throwing       | 1 2 3 5 |  5.3
Invocations    | 1 3 4 |  4.8

Action                     |  1- 3 |  4- 6 |  7- 9 | 10-12 || total
---------------------------+-------+-------+-------+-------++-------
  Melee: War axe           |    69 |   104 |   260 |   104 ||   537
         Headbutt          |    10 |    17 |    43 |    17 ||    87
  Throw: Dart              |       |       |     1 |       ||     1
         Boomerang         |       |       |     5 |     3 ||     8
 Invoke: Heroism           |       |       |     3 |     1 ||     4
    Use: Scroll            |     3 |     5 |     8 |     1 ||    17
         Potion            |       |       |     1 |       ||     1
 Armour: Scale mail        |    26 |    37 |       |       ||    63
         Chain mail        |       |    23 |    77 |       ||   100
         Plate armour      |       |       |   138 |   101 ||   239
  Dodge: Dodged            |    28 |    64 |    93 |    40 ||   225
  Block: Buckler           |    14 |    29 |    88 |    26 ||   157

Table legend: (Time is in decaauts)
 A = Elapsed time spent in this place.
 B = Non-inter-level travel time spent in this place.
 C = Inter-level travel time spent in this place.
 D = Time resting spent in this place.
 E = Time spent auto-exploring this place.
 F = Levels seen in this place.
 G = Mean time per level.
                   A        B        C        D        E       F      G
               +--------+--------+--------+--------+--------+-----+--------+
         Total |   8038 |   7786 |    252 |    812 |   4985 |  11 |  730.7 |
       Dungeon |   7992 |   7740 |    252 |    812 |   4969 |  10 |  799.2 |
        Temple |     46 |     46 |      0 |      0 |     16 |   1 |   46.0 |
               +--------+--------+--------+--------+--------+-----+--------+

Top non-repeatable levels by time:
     D:9: 1319 daAuts
     D:5: 1292 daAuts
     D:6: 1132 daAuts
     D:8: 880 daAuts
     D:1: 711 daAuts
     D:2: 676 daAuts
     D:4: 661 daAuts
     D:7: 659 daAuts
     D:3: 577 daAuts
    D:10: 79 daAuts
  Temple: 46 daAuts
